AoeStats
← KG4T. anolfo.xxx

Black Forest

504518832Analyzed
1v1 RM · 26d ago on Sep 5, 2026· 45m 14s· 2 players
Game mode
Random Map
Map size
Tiny (2 player)
Population
200
Speed
Normal
Resources
Standard
Victory
Conquest
Starting age
Dark Age
Ending age
Imperial Age
RankedLock teamsTeams togetherTeam positionsShared explorationLock speedFull tech treeHidden civsTurbo modeCheats
Victory
Defeat
🇵🇪 Khmer · Peru
1079
+17
🇧🇷 Burgundians · Brazil
1105
-17
KG4T. anolfo.xxx
0:50 Loom
11:06 Feudal Age
11:59 Feudal Age
15:21 Castle Age
13:08 Horse Collar
14:48 Double-Bit Axe
16:04 Wheelbarrow
16:49 Bow Saw
17:22 Heavy Plow
21:34 Hand Cart
23:03 Stone Mining
23:04 Gold Mining
27:13 Stone Shaft Mining
27:13 Gold Shaft Mining
32:11 Imperial Age
29:28 Town Watch
31:20 Town Patrol
32:56 Ballistics
32:56 Fortified Wall
32:54 Pikeman
33:19 Arson
33:41 Heavy Scorpion
35:26 Chemistry
34:38 Masonry
35:17 Halberdier
36:31 Siege Engineers
36:50 Conscription
36:57 Scale Barding Armor
37:03 Forging
37:13 Bloodlines
37:03 Husbandry
36:25 Light Cavalry
37:48 Architecture
38:02 Hussar
40:37 Scale Mail Armor
41:00 Chain Barding Armor
43:10 Plate Barding Armor
42:51 Chain Mail Armor
43:12 Iron Casting
45:17 Double Crossbow
kiss
4:45 Double-Bit Axe
5:45 Loom
10:51 Feudal Age
10:31 Horse Collar
13:33 Horse Collar
16:12 Castle Age
15:33 Bow Saw
16:00 Heavy Plow
17:59 Wheelbarrow
20:25 Hand Cart
23:00 Gold Mining
23:55 Stone Mining
26:54 Two-Man Saw
28:23 Gold Shaft Mining
30:57 Imperial Age
28:42 Scale Barding Armor
28:47 Forging
29:13 Burgundian Vineyards
29:13 Cavalier
29:53 Husbandry
30:35 Crop Rotation
30:50 Ballistics
31:12 Chain Barding Armor
31:27 Iron Casting
32:47 Chemistry
32:43 Plate Barding Armor
32:36 Paladin
35:12 Blast Furnace
37:18 Conscription
43:17 Light Cavalry
44:59 Hussar
Connection lost

Rejoining the realm…

Still unreachable

The connection could not be restored.

Session expired

The server has moved on; the page needs a fresh start.